[Event "*** Titled Tuesday Blitz"]
[Site "Chess.com"]
[Date "2020.04.21"]
[Round "6"]
[White "PredragNikac"]
[Black "SARGISMV"]
[Result "1/2-1/2"]
[WhiteElo "2277"]
[BlackElo "2426"]
[TimeControl "180+1"]
[EndTime "11:08:43 PDT"]
[Termination "Game drawn by repetition"]

1. d4 Nf6 2. Bg5 Ne4 3. h4 c5 4. d5 Nxg5 5. hxg5 Qb6 6. Nd2 Qxb2 7. Ngf3 g6 8. Rb1 Qxa2 9. e4 Bg7 10. Bc4 Qa5 11.
e5 a6 12. d6 Nc6 13. Kf1 e6 14. Ne4 Nxe5 15. Nxe5 Bxe5 16. Qf3 Qd8 17. Nf6+ Bxf6 18. gxf6 Ra7 19. Bd5 b5 20. c4 h5 21. g4 h4 22. g5 Qb6 23. Qf4 Bb7 24. Rxh4 Rxh4 25. Qxh4 Qxd6 26. Bxb7 Rxb7 27. Ra1 b4 28. Rxa6 Qf8 29.
Qe4 Rb8 30. Ra8 Qd6 31. Qb7 Qd1+ 32. Kg2 Qg4+ 33. Kf1 Qd1+ 34. Kg2 Qg4+ 35. Kf1 Qd1+ 1/2-1/2

[Event "*** Titled Tuesday Blitz"]
[Site "Chess.com"]
[Date "2020.04.21"]
[Round "6"]
[White "stasiek18"]
[Black "ItsCheckM8Mate"]
[Result "1-0"]
[WhiteElo "2417"]
[BlackElo "2236"]
[TimeControl "180+1"]
[EndTime "11:08:43 PDT"]
[Termination "stasiek18 won on time"]

1. e4 e5 2. Nf3 Nc6 3. Bc4 Nf6 4. d3 h6 5. O-O d6 6. a4 g5 7. c3 Bg7 8. Nbd2 O-O 9. b4 a5 10.
b5 Ne7 11. Bb3 Ng6 12. Nc4 g4 13. Ne1 d5 14. exd5 Nxd5 15. Ne3 Nxc3 16. Qc2 e4 17. Bb2 Nf4 18. dxe4 Qh4 19. Bxc3 Bxc3 20. Ra2 Be5 21.
g3 Nh3+ 22. Kg2 Qh5 23. f4 gxf3+ 24. Nxf3 Ng5 25. Nxe5 Bh3+ 26. Kg1 Bxf1 27. Nxf1 Nh3+ 28. Kg2 Qxe5 29. Kxh3 Rad8 30. Qf2 1-0

[Event "*** Titled Tuesday Blitz"]
[Site "Chess.com"]
[Date "2020.04.21"]
[Round "6"]
[White "HrvojeZagreb"]
[Black "RichardWe"]
[Result "0-1"]
[WhiteElo "2122"]
[BlackElo "2401"]
[TimeControl "180+1"]
[EndTime "11:08:43 PDT"]
[Termination "RichardWe won on time"]

1. d4 d5 2. Bf4 c6 3. e3 Nf6 4. Nd2 Bf5 5. c4 e6 6. Qb3 b6 7. Ngf3 Bd6 8. Ne5 O-O 9. Be2 c5 10. g4 Bxe5 11. Bxe5 Nxg4 12. Bxg4 Bxg4 13. Rg1 Qh4 14.
cxd5 Nd7 15. Bg3 Qh5 16. f3 Bh3 17. d6 cxd4 18. exd4 Rac8 19. Ne4 Bf5 20. Qe3 Rc2 21. Be5 Bg6 22. Ng3 Qh3 23. Rc1 Rfc8 24. Rxc2 Rxc2 25. Kd1 Qxh2 26. Nf5 Rd2+ 27. Qxd2 Qxg1+ 28. Qe1 Qxe1+ 29. Kxe1 Bxf5 30. Kd2 Nxe5 31. dxe5 Kf8 32. b4 Ke8 33. Ke3 Kd7 34. Kf4 f6 0-1

[Event "*** Titled Tuesday Blitz"]
[Site "Chess.com"]
[Date "2020.04.21"]
[Round "6"]
[White "Carnivoras"]
[Black "StockholmMissile"]
[Result "1-0"]
[WhiteElo "2610"]
[BlackElo "2464"]
[TimeControl "180+1"]
[EndTime "11:08:45 PDT"]
[Termination "Carnivoras won by resignation"]

1. d4 d5 2. Nf3 Nf6 3. Bg5 Nbd7 4. Nbd2 b6 5. e3 Bb7 6. c4 e6 7. Bd3 Be7 8. O-O O-O 9. Rc1 h6 10. Bh4 c5 11. Bb1 Rc8 12. Qa4 a6 13. cxd5 Nxd5 14.
Bg3 b5 15. Qd1 N5f6 16. a3 Qb6 17. Qe2 Rfd8 18. h3 cxd4 19. Nxd4 Nc5 20. N2f3 Nce4 21.
Be5 Bd5 22. Rfd1 Qb7 23. Ne1 Rxc1 24. Rxc1 Rc8 25. Qd1 Rxc1 26. Qxc1 Nd7 27. Bh2 Nec5 28.
b4 Nb3 29. Nxb3 Bxb3 30. e4 Bc4 31. Qc2 Bf6 32. Nf3 g6 33. Bd6 Bd8 34. Nd2 Qc6 35. e5 Bd5 36. Qxc6 Bxc6 37. Be4 Bxe4 38. Nxe4 f6 39. Nc5 Nb6 40. Nxe6 1-0

[Event "*** Titled Tuesday Blitz"]
[Site "Chess.com"]
[Date "2020.04.21"]
[Round "6"]
[White "violetflower04"]
[Black "Ind1anStar"]
[Result "0-1"]
[WhiteElo "2233"]
[BlackElo "2583"]
[TimeControl "180+1"]
[EndTime "11:08:45 PDT"]
[Termination "Ind1anStar won by resignation"]

1. e4 e6 2. d4 d5 3. Nc3 Bb4 4. Bd3 dxe4 5. Bxe4 Nf6 6. Bf3 Nbd7 7. Ne2 O-O 8. O-O c6 9. Bg5 h6 10. Bh4 Be7 11.
Nc1 e5 12. Bg3 exd4 13. Qxd4 Nc5 14. Qxd8 Rxd8 15. Rd1 Bf5 16. Nb3 Bxc2 17. Re1 Bxb3 18. Rxe7 Be6 19. b4 Nd3 20. Rxb7 Nd5 21. Nxd5 Bxd5 22. Rd1 Bxa2 23. Bxc6 Ne5 24. Rxd8+ Rxd8 25. Ba4 Nd3 26. h4 a6 27. Bc2 Nc1 28. Bc7 Re8 29. Kh2 Ne2 30. Ba4 Re7 31. Rb8+ Kh7 32. Bc2+ g6 33.
Bd6 Re6 34. Bc5 Bc4 35. h5 Kg7 36. hxg6 fxg6 37. Rb7+ Kf6 38. g3 h5 39. Kg2 Bd5+ 40.
Be4 Bxe4+ 0-1

[Event "*** Titled Tuesday Blitz"]
[Site "Chess.com"]
[Date "2020.04.21"]
[Round "6"]
[White "Charlottemillard17"]
[Black "MilanJeremic"]
[Result "0-1"]
[WhiteElo "1385"]
[BlackElo "2237"]
[TimeControl "180+1"]
[EndTime "11:08:45 PDT"]
[Termination "MilanJeremic won on time"]

1. e4 c6 2. d4 d5 3. e5 a6 4.
c4 g6 5. Nc3 h5 6. Nf3 Bg4 7.
Be2 Bxf3 8. gxf3 e6 9. f4 Bb4 10.
a3 Bxc3+ 11. bxc3 Nd7 12. c5 Ne7 13. Rg1 Nf5 14. Bd3 Qh4 15. Bxf5 gxf5 16. Rb1 Ra7 17. Rg2 Qh3 18. Kf1 Qxc3 19. Be3 Nf8 20. Rb3 Qc4+ 21. Ke1 Ng6 22. Bc1 h4 23. f3 Qa4 24. Qd3 Kd7 25.
Rgb2 Kc7 26. Rb4 Qa5 27. Bd2 Nxf4 28. Bxf4 Kc8 29. Bd2 Qc7 30. Rb6 Rg8 31. Qb3 h3 32.
Ba5 Rg1+ 33. Kf2 Rg2+ 34. Kf1 Rxb2 35. Qxb2 Qe7 36. Qb4 Qg5 37. Qd2 f4 38. Qf2 Qg6 39. Rb2 Qd3+ 40. Kg1 Qxa3 41. Bb6 Ra8 42. Rb1 Kd7 43. Qh4 Rg8+ 0-1

[Event "*** Titled Tuesday Blitz"]
[Site "Chess.com"]
[Date "2020.04.21"]
[Round "6"]
[White "donotreadit"]
[Black "marcodobrikov"]
[Result "1-0"]
[WhiteElo "2675"]
[BlackElo "2502"]
[TimeControl "180+1"]
[EndTime "11:08:46 PDT"]
[Termination "donotreadit won by checkmate"]

1. Nf3 c5 2. b3 d6 3. d4 cxd4 4. Nxd4 Nf6 5. c4 e5 6. Nf3 Nc6 7. g3 Be7 8. Bg2 O-O 9. O-O h6 10.
Bb2 Be6 11. Nc3 Re8 12. e4 Rc8 13. Rc1 Qa5 14. h3 Red8 15. Kh2 a6 16. Qe2 Bf8 17. Rfd1 Nd7 18. a3 Qb6 19. b4 a5 20. Nd5 Qa7 21.
b5 Ne7 22. Ne3 Nc5 23. Nh4 b6 24. f4 f6 25. f5 Bf7 26. g4 Qb7 27. Nd5 Nxd5 28.
cxd5 Nb3 29. Rc6 Nc5 30. Nf3 Be8 31. Nd2 Rb8 32. Nc4 Qa7 33. h4 Be7 34. Bf3 Kf7 35. Ne3 Kg8 36. Bc1 Bxc6 37. dxc6 Re8 38. Nd5 Bd8 39. Rg1 Qf7 40. g5 fxg5 41. Bh5 Qa7 42. hxg5 Bxg5 43. Bxg5 hxg5 44. Rxg5 Rf8 45. Qg4 Rbc8 46.
Bg6 Nxe4 47. Qxe4 Rxc6 48. bxc6 Qa6 49. Rh5 Qf1 50. Rh8+ Kxh8 51. Qh4+ Kg8 52. Ne7# 1-0

[Event "*** Titled Tuesday Blitz"]
[Site "Chess.com"]
[Date "2020.04.21"]
[Round "6"]
[White "theblitzchamp"]
[Black "letsgoband"]
[Result "0-1"]
[WhiteElo "2608"]
[BlackElo "2475"]
[TimeControl "180+1"]
[EndTime "11:08:46 PDT"]
[Termination "letsgoband won by checkmate"]

1. d4 Nf6 2. Bf4 g6 3. Nc3 Bg7 4. e4 d6 5. Qd2 Nc6 6. O-O-O O-O 7. h4 h5 8. Bh6 e5 9. Bxg7 Kxg7 10. d5 Nd4 11. f3 Bd7 12. Nce2 Nxe2+ 13. Bxe2 b5 14. Nh3 Bxh3 15. Rxh3 Qd7 16. Rhh1 a5 17. g4 b4 18. Rdg1 Rh8 19. Qe3 Qe7 20. g5 Nd7 21. f4 exf4 22. Qxf4 Qe5 23. Qf3 Rae8 24. Rf1 Rhf8 25.
Bb5 Re7 26. Bxd7 Rxd7 27. Re1 Re7 28. Rhf1 Kg8 29. Qd3 Rfe8 30. Qb5 Qh2 31. Qxa5 Qxh4 32. Qxb4 Rxe4 33. Rxe4 Rxe4 34. Qb8+ Kg7 35. b3 Qxg5+ 36.
Kb1 Qe7 37. a4 h4 38. Ka2 h3 39. a5 Re1 40. Rf2 Qe5 41. c3 Qxc3 42. Rb2 Qxa5# 0-1

[Event "*** Titled Tuesday Blitz"]
[Site "Chess.com"]
[Date "2020.04.21"]
[Round "6"]
[White "1977Ivan"]
[Black "Alexander_Moskalenko"]
[Result "1/2-1/2"]
[WhiteElo "2698"]
[BlackElo "2894"]
[TimeControl "180+1"]
[EndTime "11:08:48 PDT"]
[Termination "Game drawn by repetition"]

1. e4 c6 2. d4 d5 3. e5 Bf5 4. h4 h5 5. Bg5 Qb6 6. Bd3 Bxd3 7. Qxd3 e6 8. Nd2 Qa6 9. c4 Ne7 10. Ne2 Nf5 11. O-O Bb4 12. b3 Nd7 13. a3 Be7 14.
Bxe7 Nxe7 15. Nf3 Nf5 16. Rfc1 g6 17. Nf4 Kf8 18. cxd5 Qxd3 19. Nxd3 exd5 20. Nf4 Ke7 21. e6 Nf8 22. exf7 Kxf7 23. Re1 Rg8 24. Re5 Nd7 25.
Re6 Nf8 26. Re5 Nd7 27. Re2 Rae8 28. Ng5+ Kf6 29. Rae1 Rxe2 30. Rxe2 Nxd4 31. Re3 a5 32. g3 c5 33. Kg2 Nb6 34. Nh7+ Kf7 35. Ng5+ Kf6 36.
Nh7+ Kf7 37. Ng5+ Kf6 1/2-1/2

[Event "*** Titled Tuesday Blitz"]
[Site "Chess.com"]
[Date "2020.04.21"]
[Round "6"]
[White "Arjun2002"]
[Black "SantoBlue"]
[Result "1-0"]
[WhiteElo "2678"]
[BlackElo "2809"]
[TimeControl "180+1"]
[EndTime "11:08:48 PDT"]
[Termination "Arjun2002 won by resignation"]

1. e4 e5 2. Nf3 Nc6 3. Bc4 Bc5 4. c3 Nf6 5. d3 d6 6. O-O O-O 7. Re1 h6 8. h3 a5 9. Nbd2 Be6 10. Bb5 Ba7 11. Nf1 Ne7 12. d4 Ng6 13. Ng3 c6 14.
Bd3 Re8 15. Be3 Qc7 16. Qd2 Rad8 17. b3 Bb8 18. Rad1 d5 19. exd5 Bxd5 20. Nxe5 Nxe5 21.
dxe5 Rxe5 22. c4 Be6 23. Bh7+ Kxh7 24. Qxd8 Rxe3 25. Rxe3 Qf4 26. Rf3 Qe5 27. Qd4 Qg5 28. Qe3 Qh4 29. Rd4 Qg5 30. Qxg5 hxg5 31. Ne4 Be5 32. Nxg5+ Kg6 33. Nxe6 fxe6 34. Rd8 Bc7 35. Rc8 Be5 36. Re3 Kf5 37. g4+ Kf4 38. Rf8 a4 39.
bxa4 Bd6 40. Rf7 Bc5 41. Rxe6 Bd4 42. a5 Kf3 43. Rexf6+ gxf6 44. Rxb7 Bxf2+ 45. Kf1 1-0

[Event "*** Titled Tuesday Blitz"]
[Site "Chess.com"]
[Date "2020.04.21"]
[Round "6"]
[White "Trankuilizer"]
[Black "Anurag328"]
[Result "0-1"]
[WhiteElo "2514"]
[BlackElo "2722"]
[TimeControl "180+1"]
[EndTime "11:08:48 PDT"]
[Termination "Anurag328 won by resignation"]

1. e4 g6 2. d4 Bg7 3. Nc3 e6 4. Nf3 Ne7 5. Be2 d6 6. O-O Nd7 7. a4 a6 8. a5 O-O 9. h3 h6 10.
Be3 f5 11. Qd2 g5 12. exf5 exf5 13. Bc4+ Kh8 14. Bxg5 hxg5 15. Qxg5 Ng8 16. Qh5+ Bh6 17. Rae1 Ndf6 18. Qg6 Qd7 19. Be6 Qh7 20. Nh4 Bd2 21.
Qxh7+ Kxh7 22. Re2 Bxc3 23. bxc3 Ne4 24. Bxc8 Raxc8 25.
Nxf5 Nxc3 26. Re3 Nd5 27. Rf3 Nh6 28. Ne3 Rxf3 29. gxf3 Nf4 30. Kh2 Kg7 31. Rg1+ Kf7 32. Rb1 Rb8 33. c4 Ng8 34. d5 Nf6 35. Rb4 Nd7 36.
c5 Nd3 37. Rh4 N3xc5 38. Rh7+ Kg6 39. Re7 Kf6 40. Rh7 b5 41. Rh4 b4 42. Ng4+ Kg7 43. Rh5 b3 44. Rg5+ Kf7 45. Ne3 b2 46. Rg1 b1=Q 47.
Rxb1 Rxb1 0-1

[Event "*** Titled Tuesday Blitz"]
[Site "Chess.com"]
[Date "2020.04.21"]
[Round "6"]
[White "731291"]
[Black "FranciscodelaF"]
[Result "1-0"]
[WhiteElo "2588"]
[BlackElo "2426"]
[TimeControl "180+1"]
[EndTime "11:08:49 PDT"]
[Termination "731291 won by resignation"]

1. d4 e6 2. e4 d5 3. Bd3 dxe4 4. Bxe4 Nf6 5. Bf3 c5 6. Ne2 Nc6 7. Be3 cxd4 8. Nxd4 Ne5 9. Nc3 a6 10. Qe2 Nxf3+ 11.
Qxf3 e5 12. Nf5 Qa5 13. O-O-O e4 14. Nxg7+ Bxg7 15. Qg3 O-O 16. Rd5 b5 17. Rg5 Ng4 18.
h3 Nxe3 19. Rxg7+ Kh8 20. fxe3 b4 21. Rg5 Qd8 22. Nxe4 Be6 23. Rf1 Rc8 24. Nf6 Qd3 25. Rf2 b3 26. axb3 Bxb3 27. Rg8+ Rxg8 28. Qxg8+ Rxg8 29. cxd3 Rc8+ 30. Kd2 Kg7 31. Ne4 Rc2+ 32. Ke1 Rc1+ 33. Ke2 Bd1+ 34. Kd2 Ra1 35. Rf1 Bh5 36. Rxa1 Bg6 37. Rxa6 1-0

[Event "*** Titled Tuesday Blitz"]
[Site "Chess.com"]
[Date "2020.04.21"]
[Round "6"]
[White "fusaran"]
[Black "aa175"]
[Result "0-1"]
[WhiteElo "2439"]
[BlackElo "2312"]
[TimeControl "180+1"]
[EndTime "11:08:49 PDT"]
[Termination "aa175 won by resignation"]

1. e4 c5 2. Nf3 d6 3. d4 cxd4 4. Nxd4 Nf6 5. Nc3 a6 6. f3 e6 7. Be3 b5 8. Qd2 Nbd7 9. a3 Bb7 10. g4 h6 11. h4 d5 12. exd5 Nxd5 13. Nxd5 Bxd5 14. Bh3 Ne5 15. Qf2 Bc5 16. O-O-O Nc4 17. g5 hxg5 18. hxg5 Qa5 19. g6 Bxa3 20. gxf7+ Kf8 21. Nb3 Bxb2+ 22. Kb1 Qc3 23. Bd4 Na3+ 24. Ka2 Qxc2 25. Qxc2 Nxc2 26. Bxb2 Nb4+ 27. Ka3 Nc2+ 28. Ka2 Nb4+ 29. Ka1 Bxb3 30. Bxe6 Rxh1 31. Rxh1 Nc2+ 32. Kb1 Bxe6 33. Rh8+ Kxf7 34. Rxa8 Nb4 35. Ra7+ Kg6 36. Rxg7+ Kf5 37. Rf7+ Bxf7 38. Ba3 Nd5 39. Bc5 Ke6 40. Ba7 Bg6+ 41. Kc1 Ne7 42. Kd2 Nc6 43. Ke3 Bf5 0-1

[Event "*** Titled Tuesday Blitz"]
[Site "Chess.com"]
[Date "2020.04.21"]
[Round "6"]
[White "The_Machine04"]
[Black "DACF2905"]
[Result "1/2-1/2"]
[WhiteElo "2323"]
[BlackElo "2160"]
[TimeControl "180+1"]
[EndTime "11:08:49 PDT"]
[Termination "Game drawn by repetition"]

1. d4 Nf6 2. Bg5 e6 3. Nd2 d5 4. e3 c5 5. c3 Nc6 6. f4 Be7 7. Bd3 h6 8. Bxf6 Bxf6 9. Ngf3 cxd4 10.
exd4 Qb6 11. Rb1 a5 12. a4 O-O 13. O-O e5 14. fxe5 Nxe5 15. Nxe5 Bxe5 16. Nf3 Bc7 17. Bc2 Bg4 18. Qd3 g6 19. b3 Rae8 20. Rbe1 Kg7 21. Kh1 Bxf3 22. Qxf3 Qd6 23. g3 Re6 24. Rxe6 fxe6 25.
Qxf8+ Qxf8 26. Rxf8 Kxf8 27. Bxg6 e5 28. dxe5 Bxe5 29.
c4 dxc4 30. bxc4 b6 31. Kg2 Ke7 32. Kf3 Kf6 33. Be8 Bd4 34. Kg4 Bc5 35. Kh5 Kg7 36. h4 Bf2 37. g4 Be3 38. g5 hxg5 39. hxg5 Bc5 40. g6 Bd4 41. Kg4 Bc5 42. Kf5 Be3 43. Bf7 Bc5 44. Ke4 Bg1 45. Kd5 Bf2 46. Kc6 Bg1 47.
Kb5 Bf2 48. Ka6 Be3 49. Kb7 Bc5 50. Kc6 Be3 51. Kb5 Bf2 52. c5 Bxc5 53. Kc4 Bb4 54.
Kb5 Bc5 55. Kc6 Bd4 56. Be8 Kf8 57. Bf7 Kg7 58. Be8 Bc5 59. Kb5 Bd4 60. Kc4 Bc5 61. Bf7 Bf2 62. Kd5 Bc5 63. Be8 Bf2 64. Ke4 Bc5 65. Kf5 Bg1 66. Kg5 Bc5 67. Kf5 Bg1 68.
Kg4 Bc5 69. Kf3 Ba3 70. Ke4 Bc5 71. Kd3 Bg1 72. Kd2 Bf2 73. Ke2 Bc5 74. Kf1 Bf8 75. Ke2 Bc5 76. Kf3 Ba3 77. Ke3 Bc5+ 78. Ke4 Ba3 79. Bf7 Bc5 80. Kd3 Ba3 81. Kc2 Bc5 82.
Kb3 Bg1 83. Kc3 Bc5 84. Kc4 1/2-1/2

[Event "*** Titled Tuesday Blitz"]
[Site "Chess.com"]
[Date "2020.04.21"]
[Round "6"]
[White "AnishGiri"]
[Black "Biranidun"]
[Result "1-0"]
[WhiteElo "3016"]
[BlackElo "2718"]
[TimeControl "180+1"]
[EndTime "11:08:50 PDT"]
[Termination "AnishGiri won by resignation"]

1. e4 c5 2. Nf3 d6 3. d4 cxd4 4. Nxd4 Nf6 5. Nc3 a6 6. f3 e5 7. Nb3 Be6 8. Be3 h5 9. Nd5 Bxd5 10. exd5 Nbd7 11. Qd2 g6 12. O-O-O Nb6 13. Kb1 Nbxd5 14. Bg5 Be7 15. Bd3 Qc7 16. Rhe1 Nb6 17. Qf2 Ne4 18. Rxe4 Bxg5 19. f4 Bf6 20. f5 g5 21. Rb4 Nd5 22. Rc4 Qb6 23. Qxb6 Nxb6 24. Rc7 d5 25. Rxb7 Nd7 26.
Be2 d4 27. c3 g4 28. cxd4 exd4 29. Nxd4 Nc5 30. Rc7 Ne4 31. Bc4 O-O 32. Nc6 Rac8 33.
Bxf7+ Kg7 34. Rxc8 Rxc8 35. Bd5 Nd6 36. Rf1 Rc7 37.
a4 Rb7 38. b3 Rb6 39. Kc2 Rb7 40. b4 Rc7 41. Kb3 Rd7 42. h3 Ne8 43. Bc4 Nc7 44. hxg4 hxg4 45. Rf4 g3 46. Rg4+ Kh6 47. Rg6+ 1-0

[Event "*** Titled Tuesday Blitz"]
[Site "Chess.com"]
[Date "2020.04.21"]
[Round "6"]
[White "Kildepiotr"]
[Black "joksijoksi"]
[Result "1-0"]
[WhiteElo "2537"]
[BlackElo "2369"]
[TimeControl "180+1"]
[EndTime "11:08:50 PDT"]
[Termination "Kildepiotr won by resignation"]

1. Nf3 Nf6 2. g3 g6 3. Bg2 Bg7 4. O-O O-O 5. d4 d6 6. Nbd2 Nc6 7. e4 e5 8. dxe5 dxe5 9. c3 a5 10. a4 b6 11. Qb3 Nd7 12. Rd1 Nc5 13. Qc2 Qe7 14.
Nb3 Be6 15. Nxc5 Qxc5 16. Be3 Qe7 17. Nd2 Rfd8 18. Bf1 f6 19. Bc4 Bxc4 20. Nxc4 Rxd1+ 21. Rxd1 Rd8 22. b3 Bf8 23. Kf1 Kf7 24. f3 Rxd1+ 25.
Qxd1 Qd8 26. Ke2 Qxd1+ 27. Kxd1 Ke6 28. Ke2 Nd8 29. f4 Nb7 30. fxe5 fxe5 31. Nb2 Bc5 32.
Nd3 Bxe3 33. Kxe3 Kd6 34. b4 Ke6 35. Nb2 axb4 36. cxb4 c5 37. b5 Na5 38. Kd3 Kd6 39. Kc3 h6 40. Nd1 c4 41. Kb4 h5 42. Ne3 c3 43. Kxc3 Kc5 44. Nd5 Nc4 45. Nf6 Ne3 46.
Nd7+ Kd6 47. Nxb6 Nf1 48. Nc4+ Kc5 49. Nxe5 Nxh2 50. Nd3+ Kb6 51. Kb4 Nf1 52. a5+ Kc7 53. b6+ Kb8 54. a6 Nxg3 55. Ne5 Nxe4 56. Nc6+ Kc8 57. b7+ 1-0

[Event "*** Titled Tuesday Blitz"]
[Site "Chess.com"]
[Date "2020.04.21"]
[Round "6"]
[White "eldur16"]
[Black "petincash"]
[Result "1-0"]
[WhiteElo "2522"]
[BlackElo "2335"]
[TimeControl "180+1"]
[EndTime "11:08:50 PDT"]
[Termination "eldur16 won on time"]

1. c4 Nf6 2. g3 g6 3. Bg2 Bg7 4.
Nc3 O-O 5. e4 d6 6. Nge2 c5 7. d3 Nc6 8. h3 a6 9. Be3 Nd7 10. O-O Rb8 11. a4 Qb6 12. Rb1 e6 13.
f4 Nd4 14. Kh2 Qb4 15. Bxd4 cxd4 16. Na2 Qa5 17. b4 Qc7 18. Qd2 f5 19. Rfc1 e5 20. exf5 gxf5 21. a5 Kh8 22. c5 dxc5 23. bxc5 e4 24.
dxe4 fxe4 25. Nxd4 Nf6 26. c6 Qd6 27. c7 Ra8 28. Rb6 Qa3 29. Rb3 Qd6 30. Nb4 Nh5 31.
Qe3 Bxd4 32. Qxe4 Bf5 33. Qd5 Qf6 34. Qxb7 Rac8 35. Nd5 Qg7 36. Nb6 1-0

[Event "*** Titled Tuesday Blitz"]
[Site "Chess.com"]
[Date "2020.04.21"]
[Round "6"]
[White "jaskol95"]
[Black "Megagigahiper3345"]
[Result "1-0"]
[WhiteElo "2401"]
[BlackElo "2559"]
[TimeControl "180+1"]
[EndTime "11:08:51 PDT"]
[Termination "jaskol95 won by resignation"]

1. d4 Nf6 2. Bf4 c5 3. e3 cxd4 4. exd4 d5 5. c3 Nc6 6. Nd2 Bf5 7. Ngf3 e6 8. Qa4 a6 9. Ne5 Rc8 10. Nxc6 Rxc6 11. Bxa6 Nd7 12. Bb5 Rc8 13. Nf3 f6 14.
O-O Be7 15. Rfe1 g5 16. Bxg5 fxg5 17. Ne5 Rc7 18. g4 Be4 19. f3 O-O 20. Bxd7 Bxf3 21.
Bxe6+ Kg7 22. Bf5 Be4 23. Bxe4 dxe4 24. Rxe4 Qd5 25. Rae1 Bf6 26. Qb3 Qd6 27. h3 h6 28.
Kg2 Bxe5 29. Rxe5 Rcf7 30. R1e2 Qf6 31. Rf5 Qc6+ 32. Qd5 Rxf5 33. Qxc6 bxc6 34. gxf5 Rxf5 35. b4 Kf6 36. Rf2 Ke6 37. Rxf5 Kxf5 38. a4 Ke4 39. a5 Kd3 40. a6 Kxc3 41. a7 Kxd4 42. a8=Q Kc4 43. Qxc6+ Kxb4 44. Qxh6 g4 45. Qf4+ 1-0

[Event "*** Titled Tuesday Blitz"]
[Site "Chess.com"]
[Date "2020.04.21"]
[Round "6"]
[White "Juanovic"]
[Black "profofchess"]
[Result "1-0"]
[WhiteElo "2160"]
[BlackElo "2369"]
[TimeControl "180+1"]
[EndTime "11:08:51 PDT"]
[Termination "Juanovic won on time"]

1. e4 e6 2. d4 d5 3. Nc3 Bb4 4. e5 c5 5. a3 Bxc3+ 6. bxc3 Ne7 7. Nf3 b6 8. Bb5+ Bd7 9. Bd3 Ba4 10. O-O Nd7 11. Re1 h6 12. h3 Qc7 13. Be3 O-O-O 14.
Ba6+ Kb8 15. Qe2 Ka8 16. Bb5 Bxb5 17. Qxb5 Qc6 18. a4 Rc8 19. Ra2 Nf5 20. Rea1 Rc7 21. Qb2 Rb8 22. Bd2 f6 23. exf6 gxf6 24. Bf4 cxd4 25.
Bxc7 dxc3 26. Qb5 Qxc7 27. a5 bxa5 28. Qxa5 Qxa5 29. Rxa5 Rb7 30. Nd4 Nxd4 31. R1a3 Ne5 32. Rc5 Nc4 33. Ra6 Kb8 34. Kh2 Rb6 35. Ra2 Rb5 36.
Rxb5+ Nxb5 37. g4 Nd4 38. Kg3 a5 39. Kh4 Kc7 40. Kh5 Kd7 41. Kxh6 Ke7 42. Kg7 Nf3 43.
Kg6 e5 44. Kf5 e4 45. Kf4 Nh4 46. Kg3 Nf3 47. h4 Ke6 48. h5 f5 49. h6 Kf6 50. h7 Kg7 51. gxf5 Kxh7 52. Kg4 Kg7 53. Ra1 d4 54. Kf4 d3 55. Kxe4 1-0

[Event "*** Titled Tuesday Blitz"]
[Site "Chess.com"]
[Date "2020.04.21"]
[Round "6"]
[White "Funkmaus"]
[Black "CroissantNeuf"]
[Result "0-1"]
[WhiteElo "2205"]
[BlackElo "2372"]
[TimeControl "180+1"]
[EndTime "11:08:51 PDT"]
[Termination "CroissantNeuf won by resignation"]

1. d4 Nf6 2. Nf3 e6 3. g3 c5 4. c3 cxd4 5. cxd4 d5 6. Nc3 Bb4 7. Bg2 O-O 8. O-O b6 9. Bg5 Nbd7 10. e4 Bxc3 11. bxc3 h6 12. Bh4 dxe4 13. Ne5 g5 14. Nc6 Qc7 15. Ne7+ Kg7 16. f3 Qxc3 17. fxe4 Nxe4 18.
Rc1 Qe3+ 19. Kh1 gxh4 20. Qg4+ Kh8 21. Bxe4 Nf6 22. Rxf6 Qxc1+ 23. Kg2 Qd2+ 24. Kh3 Qg5 25. Qxg5 hxg5 26. Rh6+ Kg7 27. Rh7+ Kf6 28. Bxa8 Kxe7 29. gxh4 gxh4 30. Kxh4 Bd7 31. Be4 Rc8 32. Kg3 Rc4 33. Kf4 Rxd4 34. Ke3 Ra4 35. Rh4 Bc6 0-1

[Event "*** Titled Tuesday Blitz"]
[Site "Chess.com"]
[Date "2020.04.21"]
[Round "6"]
[White "Gennady_Kozlov"]
[Black "mrsavic77"]
[Result "0-1"]
[WhiteElo "2575"]
[BlackElo "2756"]
[TimeControl "180+1"]
[EndTime "11:08:52 PDT"]
[Termination "mrsavic77 won by resignation"]

1. b3 a5 2. a4 Nf6 3. Bb2 b6 4.
e3 Bb7 5. f4 g6 6. Nf3 Bg7 7.
Be2 O-O 8. O-O d6 9. Na3 Nbd7 10.
Rb1 Re8 11. Nc4 c6 12. Qe1 b5 13. axb5 cxb5 14. Na3 b4 15. Nc4 Qc7 16. Rc1 a4 17.
bxa4 Rxa4 18. Rb1 Bd5 19. d3 Bxc4 20. dxc4 e5 21. fxe5 dxe5 22. Qd2 Bh6 23. Rfe1 Ne4 24. Qc1 Qc5 25. Bd3 Nef6 26. Ra1 Rxa1 27. Qxa1 Ng4 28. h3 Bxe3+ 29. Kf1 Ngf6 30. Qa6 Nh5 31. g4 e4 32. Bxe4 Ng3+ 33. Kg2 Nxe4 34. Qb7 Qd6 35.
Be5 Rxe5 36. Rxe3 Ndf6 37. Nxe5 Qd2+ 38. Kh1 Qc1+ 39. Kg2 Qxc2+ 40. Kh1 Qc1+ 41. Kg2 Qb2+ 42. Kh1 Qxe5 43. Qc8+ Kg7 44. g5 Nf2+ 45. Kg2 Qxe3 46.
gxf6+ Kxf6 47. Qh8+ Kg5 48. h4+ Kg4 49. Qc8+ f5 50.
Qc6 Ne4 51. h5 0-1

[Event "*** Titled Tuesday Blitz"]
[Site "Chess.com"]
[Date "2020.04.21"]
[Round "6"]
[White "KuzubovYuriy"]
[Black "bazar-wokzal"]
[Result "1-0"]
[WhiteElo "2753"]
[BlackElo "2535"]
[TimeControl "180+1"]
[EndTime "11:08:52 PDT"]
[Termination "KuzubovYuriy won by resignation"]

1. d4 Nf6 2. c4 Nc6 3. Nf3 e6 4. a3 d5 5. Nc3 dxc4 6. Bg5 Na5 7.
e4 c6 8. e5 h6 9. Bh4 g5 10. Nxg5 hxg5 11. Bxg5 Be7 12. exf6 Bxf6 13. Bxf6 Qxf6 14. Qc2 Qxd4 15. Rd1 Qe5+ 16. Be2 b5 17. Ne4 Nb3 18. f4 Nd4 19. Qc3 Qxe4 20.
Rxd4 Qh7 21. Qa5 Bd7 22. Kf2 Rd8 23. Bf3 c5 24. Rd2 Ke7 25. Qxa7 Qf5 26. Rhd1 Qxf4 27. Rxd7+ Rxd7 28. Rxd7+ Kf8 29. Qxc5+ Kg7 30. Qd4+ Qxd4+ 31. Rxd4 Rxh2 32. Rd6 Rh1 33. Bc6 Rb1 34. Rd2 c3 35.
bxc3 Rb3 36. Ra2 Rxc3 37. Bxb5 Kf6 38. a4 Rb3 39. Be2 1-0

[Event "*** Titled Tuesday Blitz"]
[Site "Chess.com"]
[Date "2020.04.21"]
[Round "6"]
[White "NiranjanNavalgund"]
[Black "Falia-p"]
[Result "0-1"]
[WhiteElo "2464"]
[BlackElo "2329"]
[TimeControl "180+1"]
[EndTime "11:08:53 PDT"]
[Termination "Falia-p won by resignation"]

1. e4 c6 2. Nf3 d5 3. Nc3 Bg4 4. h3 Bxf3 5. Qxf3 e6 6. g3 Nf6 7. Bg2 dxe4 8. Nxe4 Nxe4 9. Qxe4 Qd5 10. O-O Qxe4 11. Bxe4 Be7 12. d3 Nd7 13. Be3 Bf6 14.
Rab1 O-O 15. Bg2 Rac8 16. a3 b6 17. d4 c5 18. dxc5 Nxc5 19. c3 Rfd8 20. Rfd1 Na4 21. Bf3 Kf8 22. Kf1 Ke7 23. Ke2 h6 24. Bb7 Rxd1 25.
Kxd1 Rd8+ 26. Kc2 Bg5 27. f4 Bf6 28. g4 g6 29. h4 Bxh4 30. Rh1 g5 31. b4 b5 32. Bf3 Rc8 33. fxg5 Rxc3+ 34. Kd2 Bxg5 35. Bxg5+ hxg5 36. Be2 a6 37. Rh5 Rxa3 38. Rxg5 Rb3 39. Rg7 Rxb4 40. g5 Kf8 41. Rh7 Rd4+ 42. Ke3 Rd5 43. Kf4 Kg8 44. Rh1 Nc3 45. Bf3 Rf5+ 46. Kg4 a5 47. Rh2 a4 48. Rd2 a3 49. Rd8+ Kg7 50. Ra8 b4 51. Kh5 Rxf3 52. g6 fxg6+ 53.
Kg5 Rf5+ 54. Kg4 a2 55. Ra7+ Kf6 56. Kh4 b3 57. Kg4 b2 58. Ra8 a1=Q 0-1

[Event "*** Titled Tuesday Blitz"]
[Site "Chess.com"]
[Date "2020.04.21"]
[Round "6"]
[White "BIG_Pirate"]
[Black "AleksanderHnydiuk"]
[Result "0-1"]
[WhiteElo "2398"]
[BlackElo "2578"]
[TimeControl "180+1"]
[EndTime "11:08:54 PDT"]
[Termination "AleksanderHnydiuk won on time"]

1. Nf3 d5 2. c4 c6 3. g3 Nf6 4. Bg2 dxc4 5. O-O Be6 6. a4 Na6 7. Na3 Bd5 8. Qc2 Nb4 9. Qc3 Ne4 10. Qxb4 a5 11. Qxb7 Nd6 12. Qxa8 Qxa8 13. Re1 g6 14. Ne5 Bxg2 15. Kxg2 Bg7 16. Nexc4 O-O 17. d3 Rb8 18. Bf4 Rb4 19. Nxd6 exd6 20. Bxd6 Rxb2 21. Rab1 c5+ 22. Kg1 Qe8 23. Rxb2 Bxb2 24. Nc4 Bc3 25. Rb1 Qxe2 26. Rb8+ Kg7 27. Bf8+ Kf6 28. Nd6 Qxd3 29. Re8 g5 30.
Ne4+ Kg6 31. Nxc5 Qd1+ 32. Kg2 Qd5+ 33. Kg1 Bb4 34. Rc8 h5 35. h3 h4 36. g4 Qf3 37.
Rd8 Qxh3 38. Rd4 Qc3 0-1